 Dungeon Crawl Stone Soup version 0.25-a0-737-g26c3a87c45 (webtiles) character file.

Game seed: 14621303776797825307, levelgen mode: deterministic

56 Esekla the Slasher (level 3, -2/42 HPs)
             Began as a Barachi Warper on Apr 11, 2020.
             Slain by an adder (5 damage)
             ... on level 2 of the Dungeon.
             The game lasted 00:09:17 (1380 turns).

Esekla the Slasher (Barachi Warper)                 Turns: 1380, Time: 00:09:18

Health: -2/42      AC:  3    Str: 12    XL:     3   Next: 95%
Magic:  4/7        EV: 12    Int: 14    God:
Gold:   51         SH:  0    Dex: 11    Spells: 4/8 levels left

rFire    . . .     SeeInvis .   a - +0 falchion
rCold    . . .     Gourm    .   (no shield)
rNeg     . . .     Faith    .   b - +0 leather armour
rPois    .         Spirit   .   (no helmet)
rElec    .         Reflect  .   (no cloak)
rCorr    .         Harm     .   (no gloves)
MR       .....                  (no boots)
Stlth    ..........             (no amulet)
HPRegen  0.14/turn              (no ring)
MPRegen  0.10/turn              (no ring)

@: berserking, lethally poisoned (-2 -> -5), shrouded, can't hop, quick
A: +LOS, swims, slowness 1, strong legs 1
a: Hop


You were on level 2 of the Dungeon.
You were hungry.

You visited 1 branch of the dungeon, and saw 2 of its levels.

You collected 51 gold pieces.

Inventory:

Hand Weapons
 a - a +0 falchion (weapon)
Missiles
 e - 5 boomerangs of dispersal (quivered)
Armour
 b - a +0 leather armour (worn)
 m - a +1 hat
Jewellery
 i - an uncursed amulet of harm
Scrolls
 d - a scroll of blinking
 g - a scroll of enchant armour {unknown}
 h - 2 scrolls of teleportation {unknown}
 j - a scroll of identify {unknown}
Potions
 c - a potion of heal wounds {unknown}
 k - a potion of berserk rage
Comestibles
 f - a ration
 l - 2 chunks of flesh


   Skills:
 * Level 2.9 Fighting
 * Level 3.6 Long Blades
 + Level 1.0 Throwing
 + Level 1.2 Armour
 + Level 2.3 Dodging
 * Level 3.0 Spellcasting
 * Level 0.5 Charms
 + Level 3.3 Translocations


You had 4 spell levels left.
You knew the following spells:

 Your Spells              Type           Power        Failure   Level  Hunger
a - Shroud of Golubria    Chrm/Tloc      #.....       19%         2    ##.....
b - Blink                 Tloc           N/A          11%         2    ##.....

Your spell library contained the following spells:

 Spells                   Type           Power        Failure   Level  Hunger
 Gell's Gravitas          Tloc           ##........   21%         3    ###....
 Lesser Beckoning         Tloc           ##........   21%         3    ###....
 Teleport Other           Tloc           ##......     21%         3    ###....
 Passage of Golubria      Tloc           N/A          56%         4    #####..


Dungeon Overview and Level Annotations

Branches:
Dungeon (2/15)

Altars:


Innate Abilities, Weirdness & Mutations

You can be seen from farther away. (+LOS)
You can swim through water.
You cover ground slowly.
You can hop short distances.


Message History

Boing!
There is an escape hatch in the ceiling here.
Casting: Shroud of Golubria (safe; 19% risk of failure)
Confirm with . or Enter, or press ? or * to list all spells.
You blink.
An adder comes into view.
The adder hisses angrily.
Casting: Blink (safe; 11% risk of failure)
Confirm with . or Enter, or press ? or * to list all spells.
Space distorts slightly along a thin shroud covering your body.
The adder bites you.
* * * LOW HITPOINT WARNING * * *
You are lethally poisoned!
The adder poisons you!
It was a potion of berserk rage.
A red film seems to cover your vision as you go berserk!
You feel yourself moving faster!
You feel mighty!
* * * LOW HITPOINT WARNING * * *
You feel sick. The adder bites you.
You die...

....g
#.#.#.....###.#..
..g.. ###
#.###..#..# #.#..
..... ...#.#
#....## #.#.† 8..
#.#.###.#.##
#.##. #.......#.
#.##. ###.#####.
#..#. #g#
#.#####..÷.
#######.#
#..........
#....S@.#
.#####..#.
#..###### #..#.
#..#. ##..#.
#...#. #.....
#.###.
#.####.###.
#..........


You could see a gnoll and an adder.

Vanquished Creatures
  An adder (D:1)
  5 dart slugs
  A leopard gecko (D:1)
  A giant cockroach (D:1)
  7 goblins (D:1)
  6 hobgoblins
  A ball python (D:1)
  2 bats (D:1)
  4 frilled lizards (D:1)
  3 kobolds
  5 rats (D:1)
36 creatures vanquished.

Notes
Turn   | Place    | Note
-------+----------+-------------------------------------------
     0 | D:1      | Esekla the Barachi Warper began the quest for the Orb.
     0 | D:1      | Reached XP level 1. HP: 17/17 MP: 3/3
   139 | D:1      | Reached XP level 2. HP: 21/23 MP: 3/5
   151 | D:1      | Learned a level 2 spell: Shroud of Golubria
   154 | D:1      | Learned a level 2 spell: Blink
   654 | D:1      | Reached XP level 3. HP: 26/28 MP: 7/7
  1380 | D:2      | Slain by an adder

Levels and vault maps discovered:
D:1:      roderic_octagonal_star, layout_loops_corners
D:2:      kennysheep_the_goblin_king, layout_loops_ring,
          chequers_ecumenical_altar_simple, bh_walls_and_bars

Skill      XL: |  1  2  3 |
---------------+----------+-----
Long Blades    | 3 |  3.6
Spellcasting   | 3 |  3.0
Fighting       | |  2.9
Throwing       | |  1.0
Armour         | |  1.2
Dodging        | |  2.3
Charms         | |  0.5
Translocations | |  3.3

Action                   || total
-------------------------++-------
Melee: Falchion          ||   175
 Cast: Shroud of Golubri ||     4
       Blink             ||     1
 Abil: Hop               ||     1
  Use: Potion            ||     1
  Eat: Chunk             ||     2
Armor: Leather armour    ||    34
Dodge: Dodged            ||   112
       Rpst.: Falchion   ||    37

Table legend:
 A = Non-vault XP
 B = Vault XP
 C = Vault XP percentage of total XP
 D = Non-vault monster count
 E = Vault monster count
 F = Vault count percentage of total count
                 A         B        C        D         E       F
            +---------+---------+-------+---------+---------+-------
      Total |      80 |       0 |   0.0 |      36 |       0 |   0.0
            +---------+---------+-------+---------+---------+-------
        D:1 |      66 |       0 |   0.0 |      31 |       0 |   0.0
        D:2 |      14 |       0 |   0.0 |       5 |       0 |   0.0
            +---------+---------+-------+---------+---------+-------
